 Dungeon Crawl Stone Soup version 0.30-a0-141-g30f27751c5 (webtiles) character file.

Game seed: 3415302460624738806

32 qw the Chopper (level 3, -5/23 HPs)
             Began as a Gargoyle Fighter on Sept 25, 2022.
             Killed by an exploding butterfly (22 damage)
             ... ignited by their inner flame
             ... on level 2 of the Dungeon.
             The game lasted 00:00:33 (1953 turns).

qw the Chopper (Gargoyle Fighter)                   Turns: 1953, Time: 00:00:34

Health: -5/23      AC: 15    Str: 21    XL:     3   Next: 27%
Magic:  3/3        EV:  4    Int:  8    God:
Gold:   123        SH:  7    Dex:  9    Spells: 2/2 levels left

rFire   . . .      SeeInvis .    Y - +0 war axe
rCold   . . .      Faith    .    s - +0 kite shield
rNeg    + . .      Spirit   .    r - +0 plate armour
rPois   inf        Reflect  .    (no helmet)
rElec   +          Harm     .    q - +0 cloak
rCorr   .          Rampage  .    (no gloves)
Will    .....                    (no boots)
Stlth   ..........               p - amulet of regeneration
HPRegen 0.87/turn                (no ring)
MPRegen 0.08/turn                (no ring)

@: no status effects
A: sickness immunity, AC +3, negative energy resistance 1, electricity
resistance, torment resistance 1, petrification resistance
a: no special abilities


You were on level 2 of the Dungeon.
You visited 1 branch of the dungeon, and saw 2 of its levels.

You collected 123 gold pieces.


Innate Abilities, Weirdness & Mutations

You are immune to sickness and miasma.
Your stone body is resilient. (AC +3)
You are immune to poison.
You resist negative energy. (rN+)
You are resistant to electric shocks. (rElec)
You are resistant to unholy torment.
You are immune to petrification.


   Skills:
 - Level 3.2 Fighting
 - Level 3.3 Axes
 - Level 3.2 Armour
 + Level 3.2 Shields


You had 2 spell levels left.
You didn't know any spells.
Your spell library was empty.

Inventory:

Hand Weapons
 e - a +0 whip
 Y - a +0 war axe (weapon)
Armour
 q - a +0 cloak (worn)
 r - a +0 plate armour (worn)
 s - a +0 kite shield (worn)
Jewellery
 p - an amulet of regeneration (around neck)
Scrolls
 h - a scroll of identify
 k - 3 scrolls of immolation
 n - a scroll of summoning {unknown}
Potions
 d - 2 potions of might
 g - 2 potions of attraction
 i - a potion of heal wounds {unknown}
 j - a potion of ambrosia {unknown}
 o - a potion of berserk rage {unknown}

Dungeon Overview and Level Annotations

Branches:
Dungeon (2/15)

Altars:


Message History

Blink to where?
Press: ? - help, Dir - move target, f - you Are you sure you want to cancel this blink?
As you read the scroll labelled DANORE BARROE, it crumbles to dust.
It was a scroll of blinking.
Done exploring.
1953 ||| READING scroll labelled USTRIM TENLE.
The air fills with toxic fumes!
As you read the scroll labelled USTRIM TENLE, it crumbles to dust.
It was a scroll of poison.
Your butterfly is engulfed in poison gas.
Your butterfly is poisoned.
Your butterfly disappears in a burst of colours!
Your butterfly explodes!
The fiery explosion engulfs your butterfly!!
Your butterfly disappears in a burst of colours!
The fiery explosion engulfs your butterfly!!!
Your butterfly disappears in a burst of colours!
The fiery explosion engulfs your butterfly!
Your butterfly disappears in a burst of colours!
The fiery explosion engulfs your butterfly!!
Your butterfly disappears in a burst of colours!
The fiery explosion engulfs your butterfly!
Your butterfly disappears in a burst of colours!
Your butterfly explodes!
The fiery explosion engulfs you.
Your butterfly explodes!
The fiery explosion engulfs your butterfly!
Your butterfly disappears in a burst of colours!
Your butterfly explodes!
The fiery explosion engulfs your butterfly!
Your butterfly disappears in a burst of colours!
The fiery explosion engulfs your butterfly!!
Your butterfly disappears in a burst of colours!
Your butterfly explodes! x4
The fiery explosion engulfs your butterfly!!
Your butterfly disappears in a burst of colours!
The fiery explosion engulfs you!!
Ouch! That really hurt!
You die...

#..# #.#
#.# #¤¤#
#.###.#
#¤¤#
#.....#
#¤¤#
#####.#
#¤¤# ###
#¤¤#
#¤¤#
#####¤¤#


#bbb¤@¤# ######## There were no monsters in sight!

Vanquished Creatures
  A dart slug (D:2)
  3 endoplasms
  4 giant cockroaches
  4 goblins
  3 quokkas (D:2)
  2 ball pythons (D:1)
  5 bats
  A frilled lizard (D:1)
  4 kobolds
  2 rats (D:1)
29 creatures vanquished.

Notes
Turn   | Place    | Note
-------+----------+-------------------------------------------
     0 | D:1      | qw the Gargoyle Fighter began the quest for the Orb.
     0 | D:1      | Reached XP level 1. HP: 14/14 MP: 1/1
     0 | D:1      | 0 ||| qw: Version: 0.2-a-10-g399e6c4
     0 | D:1      | 0 ||| qw: Game counter: 307
     0 | D:1      | 0 ||| qw: Always use a shield: true
     0 | D:1      | 0 ||| qw: God list: Okawaru
     0 | D:1      | 0 ||| qw: Allow faded altars: false
     0 | D:1      | 0 ||| qw: Do Orc after D:15 true
     0 | D:1      | 0 ||| qw: Do second Lair branch before Depths: true
     0 | D:1      | 0 ||| qw: Lair rune preference: random
     0 | D:1      | 0 ||| qw: Plans: Normal, Zot:1-4, God:TSO, Crypt, Tomb,
                  | Pan, Slime:5, Hells, Abyss, Orb
     0 | D:1      | 0 ||| PLANNING D:1-11
   563 | D:1      | Reached XP level 2. HP: 19/19 MP: 2/2
   741 | D:1      | 741 ||| Stepping ~*~*~tactically~*~*~ (stealth).
  1036 | D:1      | 1036 ||| READING scroll labelled MAH KIUTIESATZ.
  1037 | D:1      | 1037 ||| READING 3 scrolls labelled XEBI ICLAWE.
  1038 | D:1      | 1038 ||| READING 2 scrolls of identify.
  1038 | D:1      | 1038 ||| IDENTIFYING puce potion
  1144 | D:2      | Reached skill level 3 in Axes
  1360 | D:2      | Reached XP level 3. HP: 22/23 MP: 3/3
  1917 | D:2      | 1917 ||| UPGRADING to +0 cloak.
  1922 | D:2      | 1922 ||| UPGRADING to +0 plate armour.
  1932 | D:2      | 1932 ||| DROPPING +0 scale mail.
  1933 | D:2      | 1933 ||| UPGRADING to +0 kite shield.
  1943 | D:2      | 1943 ||| DROPPING +0 buckler.
  1944 | D:2      | 1944 ||| UPGRADING to amulet of regeneration.
  1949 | D:2      | 1949 ||| READING scroll labelled VYOKKU MUMN.
  1950 | D:2      | 1950 ||| READING scroll labelled GIS TOTUSO.
  1951 | D:2      | 1951 ||| READING 4 scrolls labelled MUIT POOGO.
  1952 | D:2      | 1952 ||| READING scroll labelled DANORE BARROE.
  1953 | D:2      | 1953 ||| READING scroll labelled USTRIM TENLE.
  1953 | D:2      | Killed by an exploding butterfly... ignited by their inner
                  | flame

Levels and vault maps discovered:
D:1:      nzn_arrival_crosshair, layout_basic
D:2:      minmay_spotlight, layout_basic

Skill      XL: |  1  2 |
---------------+-------+-----
Axes           | 2 3 |  3.3
Fighting       | |  3.2
Armour         | |  3.2
Shields        | |  3.2

Action                   || total
-------------------------++-------
Melee: War axe           ||   108
  Use: Scroll            ||     8
Armor: Scale mail        ||    64
Dodge: Dodged            ||    30
Block: Buckler           ||    23

Table legend:
 A = Non-vault XP
 B = Vault XP
 C = Vault XP percentage of total XP
 D = Non-vault monster count
 E = Vault monster count
 F = Vault count percentage of total count
                 A         B        C        D         E       F
            +---------+---------+-------+---------+---------+-------
      Total |      39 |       8 |  17.0 |      25 |       4 |  13.8
            +---------+---------+-------+---------+---------+-------
        D:1 |      22 |       0 |   0.0 |      17 |       0 |   0.0
        D:2 |      17 |       8 |  32.0 |       8 |       4 |  33.3
            +---------+---------+-------+---------+---------+-------
